Map: Emerald City LE

Players

downeysoft

  • Race: Protoss Protoss
  • League: Platinum
  • Spawn Location: 11:00

kramerica

  • Race: Terran Terran
  • Spawn Location: 11:00

Throwfordays

  • Race: Zerg Zerg
  • League: Silver
  • Spawn Location: 5:00

Faust

  • Race: Zerg Zerg
  • League: Diamond
  • Spawn Location: 5:00

VOD

Have the link to the VOD?

Description

Time

  • Played on: March 11, 2019, 10:29 p.m.
  • Length: 10:22
Show
View Real Time Build Order
Export as new Build Order

downeysoft Protoss 

Build Orders: 1 Gate Expand 

Get SALT Encoding   

  12  0:01  Probe  
  13  0:16  Pylon  
  13  0:18  Probe  
  14  0:30  Probe  
  15  0:38  Gateway  
  15  0:49  Probe  
  16  1:01  Probe  
  17  1:18  Nexus  
  17  1:25  Assimilator, Probe  
  18  1:39  Probe  
  19  1:43  Cybernetics Core  
  19  1:45  Assimilator  
  19  1:51  Probe  
  20  2:02  Probe  
  21  2:10  Probe  
  21  2:12  Stalker  
  23  2:28  Probe  
  24  2:30  Probe  
  24  2:36  Stalker  
  25  2:41  Pylon, Probe  
  25  2:43  Probe  
  29  2:52  Warp Gate  
  29  2:53  Probe  
  29  2:54  Probe  
  31  3:02  Probe  
  31  3:04  Stalker  
  31  3:05  Probe  
  32  3:10  Probe  
  35  3:15  Assimilator  
  35  3:17  Assimilator, Probe  
  37  3:25  Robotics Facility  
  37  3:30  Pylon  
  37  3:31  Probe  
  39  3:34  Probe  
  39  3:43  Probe  
  39  3:46  Probe  
  41  3:55  Pylon, Probe  
  42  3:58  Probe  
  43  4:03  Immortal  
  40  4:40  Gateway  
  40  4:41  Gateway  
  40  4:44  Gateway  
  40  4:50  Probe x2  
  40  4:51  Immortal  
  42  4:53  Stalker  
  44  5:02  Probe x2  
  50  5:14  Probe x2  
  50  5:17  Robotics Bay  
  52  5:26  Probe  
  53  5:30  Probe  
  54  5:38  Extended Thermal Lance, Probe  
  54  5:39  Pylon  
  54  5:42  Immortal  
  59  5:57  Probe x2  
  59  5:59  Pylon  
  61  6:05  Probe x2  
  63  6:14  Probe  
  63  6:18  Stalker x2  
  68  6:21  Colossus  
  74  6:29  Pylon  
  74  6:31  Pylon  
  74  6:39  Pylon  
  74  6:45  Stalker  
  74  6:46  Stalker  
  78  6:47  Stalker  
  78  6:49  Stalker  
  82  7:15  Stalker x3  
  92  7:16  Stalker  
  96  7:27  Warp Prism  
  90  7:38  Gateway  
  90  7:39  Gateway  
  90  7:41  Gateway  
  90  7:42  Gateway  
  92  8:15  Zealot  
  92  8:16  Zealot x3  
  100  8:28  Colossus  
  100  8:38  Stalker  
  100  8:39  Stalker x2  
  100  8:40  Stalker  
  102  8:44  Pylon  
  102  8:46  Pylon  
  100  8:49  Pylon  
  100  8:50  Pylon  
  100  8:51  Pylon  
  100  8:52  Pylon  
  100  8:55  Pylon  
  100  9:04  Stalker  
  100  9:05  Stalker x4  
  110  9:17  Stalker x2  
  110  9:18  Stalker  
  120  9:54  Stalker  
  120  9:55  Stalker x4  
  120  9:56  Stalker  
Show
View Real Time Build Order
Export as new Build Order

kramerica Terran 

Build Orders:  

Get SALT Encoding   

  12  0:02  SCV  
  13  0:14  SCV  
  14  0:21  Supply Depot  
  14  0:26  SCV  
  15  0:44  Barracks  
  15  0:50  SCV  
  15  0:54  Refinery  
  16  1:02  SCV  
  17  1:14  SCV  
  18  1:26  SCV  
  18  1:31  Marine  
  20  1:41  Orbital Command  
  20  1:42  Command Center  
  20  1:52  Supply Depot  
  20  2:01  Barracks  
  20  2:14  Factory  
  20  2:17  SCV  
  20  2:19  Barracks Tech Lab  
  21  2:30  SCV  
  21  2:37  Refinery  
  22  2:38  Marine  
  22  2:44  SCV  
  24  2:52  Barracks Reactor  
  24  2:56  Marine  
  24  2:58  Orbital Command  
  25  3:00  Refinery  
  25  3:08  SCV  
  26  3:13  Marine  
  26  3:18  Starport  
  27  3:21  SCV  
  28  3:29  Marine  
  28  3:31  Marine x2  
  31  3:35  SCV, Factory Reactor  
  32  3:41  SCV  
  33  3:50  SCV  
  33  3:52  Marine x2  
  33  3:53  Marine, SCV  
  33  3:54  Supply Depot  
  34  3:55  Stimpack  
  38  4:02  Medivac  
  40  4:18  Engineering Bay  
  40  4:21  Marine  
  40  4:22  Marine x2  
  43  4:32  Factory Tech Lab  
  38  4:42  Marine x3  
  41  4:49  SCV x2  
  43  4:55  Refinery  
  43  4:58  Siege Tank  
  46  5:06  Fusion Core, Supply Depot  
  46  5:11  Marine x3  
  49  5:17  Medivac x2  
  49  5:18  Supply Depot, SCV  
  54  5:23  Supply Depot  
  54  5:25  Missile Turret  
  54  5:28  SCV  
  55  5:29  Marine x2  
  55  5:30  Marine  
  48  5:50  Siege Tank  
  48  5:52  Marine x2  
  48  5:53  Medivac  
  48  5:54  Medivac  
  48  5:55  Marine  
  58  5:57  Weapon Refit  
  58  6:00  SCV  
  58  6:01  SCV  
  60  6:07  Missile Turret  
  60  6:09  Marine  
  60  6:10  Marine  
  62  6:13  Marine  
  63  6:32  Marine x3  
  65  6:35  Sensor Tower  
  65  6:38  Siege Tank  
  69  6:49  Sensor Tower  
  69  6:55  Missile Turret  
  69  7:08  Missile Turret  
  69  7:15  Medivac  
  69  7:16  Marine x3  
  69  7:18  Terran Infantry Weapons Level 1  
  69  7:21  SCV x2  
  76  7:47  Starport  
  73  8:42  Marine x3  
  73  8:52  Starport Tech Lab  
  73  9:00  Marine x2  
  73  9:01  Supply Depot  
  73  9:02  Starport Tech Lab  
  74  9:05  Supply Depot  
  77  9:30  Armory x2  
  63  10:00  Marine x3, Starport  
  63  10:02  SCV  
  63  10:03  SCV, Starport  
  68  10:07  Command Center  
  68  10:10  Command Center  
Show
View Real Time Build Order
Export as new Build Order

Throwfordays Zerg 

Build Orders: Hatch First 

Get SALT Encoding   

  12  0:01  Drone  
  13  0:08  Drone  
  14  0:37  Hatchery  
  14  0:38  Drone  
  14  0:45  Overlord  
  14  1:03  Spawning Pool  
  13  1:05  Drone  
  14  1:15  Extractor  
  14  1:16  Drone x2  
  15  1:26  Drone  
  15  1:32  Drone  
  17  1:40  Drone  
  18  1:50  Zergling x2  
  18  1:52  Queen  
  21  1:54  Queen  
  21  1:59  Drone  
  24  2:05  Drone  
  25  2:14  Drone  
  25  2:15  Drone  
  27  2:26  Zergling x2  
  27  2:29  Overlord  
  28  2:34  Overlord  
  28  2:35  Overlord  
  28  2:55  Drone x3  
  28  2:57  Drone x2  
  33  3:04  Extractor  
  32  3:10  Zergling x6  
  32  3:11  Zergling x2  
  36  3:12  Metabolic Boost  
  36  3:17  Evolution Chamber  
  35  3:23  Drone x3  
  38  3:29  Drone  
  38  3:32  Drone  
  40  3:45  Zerg Melee Weapons Level 1  
  40  3:47  Drone  
  41  3:51  Drone x3  
  41  3:53  Drone  
  41  3:54  Drone x2  
  47  4:06  Evolution Chamber  
  41  4:39  Zergling x6  
  41  4:40  Zergling x6  
  41  4:42  Zergling x6  
  41  4:43  Zergling x4  
  51  4:49  Zerg Ground Armor Level 1  
  51  4:51  Lair  
  51  4:56  Drone  
  52  5:02  Overlord x2  
  52  5:29  Drone  
  52  5:33  Drone x3  
  56  5:36  Extractor  
  56  5:39  Extractor  
  50  5:43  Zerg Missile Weapons Level 1  
  50  5:44  Drone  
  50  5:48  Zergling x8  
  48  5:50  Zergling x4  
  50  6:04  Drone x3  
  50  6:09  Zergling x2  
  54  6:17  Hatchery  
  53  6:21  Zergling x2  
  53  6:22  Zergling x6  
  53  6:24  Zergling x2  
  58  6:26  Queen  
  58  6:28  Zergling x6  
  63  6:36  Zergling x2  
  64  6:44  Drone  
  65  6:47  Zerg Melee Weapons Level 2  
  65  6:54  Overlord x2  
  65  6:56  Pneumatized Carapace  
  65  7:27  Drone x4  
  69  7:30  Infestation Pit  
  69  7:32  Drone  
  69  7:36  Zerg Ground Armor Level 2  
  69  7:40  Queen  
  69  7:42  Drone x2  
  73  7:45  Drone  
  73  7:46  Drone x6  
  73  7:49  Drone  
  81  7:53  Drone  
  80  8:03  Zergling x2  
  81  8:15  Zergling x8  
  86  8:20  Zergling x4  
  86  8:25  Zergling x4  
  89  8:29  Overlord  
  71  8:42  Zergling x4  
  71  8:46  Zergling x2  
  64  8:50  Zergling x6  
  64  8:51  Queen  
  64  9:05  Zergling x4  
  66  9:12  Zergling x4  
  64  9:19  Zergling x6  
  64  9:20  Zergling x2  
  61  9:24  Zergling x2  
  61  9:27  Queen  
  47  9:41  Zergling x2  
  41  9:50  Drone  
  41  9:58  Spire  
  37  10:00  Spire  
  37  10:05  Zergling x2  
Show
View Real Time Build Order
Export as new Build Order

Faust Zerg 

Build Orders: Hatch First 

Get SALT Encoding   

  12  0:02  Drone  
  13  0:09  Drone  
  14  0:16  Extractor  
  14  0:17  Drone  
  15  0:22  Overlord  
  15  0:40  Drone x2  
  17  0:54  Hatchery  
  16  1:09  Spawning Pool  
  16  1:10  Drone  
  16  1:14  Extractor  
  16  1:15  Drone  
  16  1:20  Drone  
  17  1:36  Drone x2  
  19  1:45  Overlord  
  20  2:01  Hatchery  
  20  2:02  Queen  
  21  2:10  Drone x2  
  23  2:18  Metabolic Boost  
  23  2:20  Overlord  
  23  2:35  Zergling x2  
  24  2:37  Drone  
  24  2:41  Queen  
  27  2:48  Drone  
  28  2:58  Zergling x2  
  29  3:10  Overlord  
  29  3:13  Queen  
  29  3:15  Drone x4  
  35  3:32  Zergling x4  
  37  3:40  Lair  
  37  3:44  Zergling x4  
  37  3:46  Drone x2  
  41  4:00  Drone x3  
  44  4:08  Overlord x3  
  44  4:20  Hatchery  
  41  4:38  Zergling x10  
  40  4:39  Zergling x6  
  45  4:50  Drone, Hydralisk Den  
  45  4:51  Extractor, Drone  
  45  5:05  Drone  
  46  5:08  Drone x2  
  48  5:14  Baneling Nest  
  48  5:15  Drone x2  
  48  5:16  Drone x2  
  51  5:22  Spore Crawler  
  51  5:24  Spore Crawler  
  51  5:27  Spine Crawler  
  51  5:28  Drone, Spine Crawler  
  47  5:29  Drone x2  
  47  5:31  Extractor  
  47  5:32  Extractor, Overlord x2  
  40  5:53  Hydralisk  
  40  5:54  Hydralisk x5  
  40  5:56  Drone  
  40  5:57  Drone x4  
  55  6:00  Drone  
  55  6:04  Queen  
  60  6:20  Hydralisk x2  
  60  6:24  Overlord x2  
  64  6:26  Drone x2  
  64  6:32  Spore Crawler  
  65  6:36  Hydralisk x2  
  69  6:44  Drone  
  70  6:47  Muscular Augments  
  70  6:52  Drone  
  70  6:54  Drone x12  
  83  7:20  Overlord x2  
  83  7:21  Overlord x2  
  83  7:30  Hatchery  
  83  7:32  Hydralisk x5  
  83  7:34  Drone  
  81  8:13  Hydralisk x2  
  81  8:14  Hydralisk x4  
  63  8:32  Zergling x12  
  67  8:46  Hydralisk x2  
  67  8:47  Hydralisk x2  
  62  8:55  Baneling  
  61  8:56  Baneling x9  
  54  9:07  Zergling x2  
  54  9:08  Zergling x12  
  48  9:15  Hatchery  
  45  9:25  Drone  
  45  9:26  Queen, Drone x2  
  41  9:51  Zergling x2  
  41  9:52  Zergling x10  
Tags
 
Add a new tag
Caveats
  • Supply blocks, unpowered buildings, or Contaminate may cause inaccurate times.
  • Supply counts are checked every 10 seconds.